 Dungeon Crawl Stone Soup version 0.30.0-10-gfe55d96785 (webtiles) character file.

Game seed: 3970170387020859940

250 JoshKwa the Firebug (level 5, 0/42 HPs)
             Began as a Draconian Fire Elementalist on May 15, 2023.
             Was an Initiate of Cheibriados.
             Slain by an iguana (10 damage)
             ... on level 4 of the Dungeon.
             The game lasted 00:18:32 (2854 turns).

JoshKwa the Firebug (Draconian Fire Elementalist)   Turns: 2854, Time: 00:18:32

Health: 0/42       AC: 10    Str: 15    XL:     5   Next: 88%
Magic:  2/9        EV: 12    Int: 17    God:    Cheibriados [......]
Gold:   245        SH:  0    Dex: 15    Spells: 4/10 levels left

rFire   . . .        f - staff of poison
rCold   . . .        (no shield)
rNeg    . . .        (body armour unavailable)
rPois   +            (helmet restricted)
rElec   .            (no cloak)
rCorr   +            j - +0 pair of gloves
SInv    .            (no boots)
Will    +....        (no amulet)
Stlth   ++           d - +4 ring of protection
HPRegen 0.27/turn    h - ring "Ucykle" {Wiz Drain rCorr Dex+3}
MPRegen 0.11/turn

%: wizardry (x1)
@: very slow
A: AC +5, unfitting armour, cold-blooded, strong-willed 1, strong 1
a: Renounce Religion


You were on level 4 of the Dungeon.
You worshipped Cheibriados.
Cheibriados was noncommittal.
You visited 1 branch of the dungeon, and saw 4 of its levels.

You collected 245 gold pieces.

Inventory:

Hand Weapons
 g - a +1 dagger of venom
Armour
 j - a +0 pair of gloves (worn)
Magical Staves
 f - a staff of poison (weapon)
Jewellery
 d - a +4 ring of protection (left hand)
 h - the ring "Ucykle" (right hand) {Wiz Drain rCorr Dex+3}
   (You found it on level 2 of the Dungeon)

   [ring of wizardry]

   It improves your spell success rate.
   Dex:       It affects your dexterity (+3).
   rCorr:     It protects you from acid and corrosion.
   Drain:     It drains your maximum health when unequipped.
Scrolls
 b - a scroll of amnesia {unknown}
 e - 6 scrolls of identify
 i - a scroll of magic mapping {unknown}
 k - 3 scrolls of teleportation
 l - a scroll of enchant weapon {unknown}
 m - a scroll of noise {unknown}
Potions
 c - a potion of curing


   Skills:
 * Level 2.3 Fighting
 + Level 0.2 Short Blades
 + Level 1.5 Staves
 + Level 2.6 Dodging
 + Level 2.1 Stealth
 * Level 3.2 Spellcasting
 + Level 2.1 Conjurations
 + Level 3.8 Fire Magic


You had 4 spell levels left.
You knew the following spells:

 Your Spells              Type           Power      Damage    Failure   Level
a - Foxfire               Conj/Fire      48%        2x1d6     1%          1
b - Scorch                Fire           30%        2d6       2%          2
c - Volatile Blastmotes   Fire/Tloc      18%        2d11      10%         3

Your spell library contained the following spells:

 Spells                   Type           Power      Damage    Failure   Level
 Inner Flame              Hex/Fire       9%         N/A       10%         3
 Flame Wave               Conj/Fire      12%        2d6       21%         4


Dungeon Overview and Level Annotations

Branches:
Dungeon (4/15)
 Temple: D:4-7

Altars:
Cheibriados
Elyvilon
Qazlal
Xom

Shops:
D:1 :

Annotations:
D:3 2 runed translucent doors
D:4 Edmund


Innate Abilities, Weirdness & Mutations

Your plain brown scales are hard. (AC +5)
You cannot fit into any form of body armour.
You are cold-blooded and may be slowed by cold attacks.
You are strong-willed. (Will+)
Your muscles are strong. (Str +4, Int/Dex -1)


Message History

Casting: Foxfire (safe; 1% risk of failure)
Confirm with . or Enter, or press ? or * to list all spells.
You conjure some foxfire!
The orc priest misses you.
The orc priest barely misses your foxfire. x2
The iguana closely misses you.
The foxfire hits the orc priest.
The orc priest is severely wounded.
The foxfire hits the orc priest.
The orc priest is almost dead.
Casting: Foxfire (safe; 1% risk of failure)
Confirm with . or Enter, or press ? or * to list all spells.
You conjure some foxfire!
The orc priest hits you with a +0 hand axe.
The orc priest barely misses your foxfire.
The orc priest misses your foxfire. The iguana barely misses you.
Your foxfire dissipates!
The foxfire hits the orc priest but does no damage.
The orc priest is almost dead.
The iguana barely misses you.
The orc priest hits you but does no damage.
Casting: Foxfire (safe; 1% risk of failure)
Confirm with . or Enter, or press ? or * to list all spells.
You conjure some foxfire!
The orc priest invokes the aid of Beogh against you.
Beogh smites you! The iguana bites you! The hobgoblin hits you.
You hit the iguana.
The iguana is lightly wounded.
The foxfire hits the orc priest but does no damage.
The orc priest is almost dead.
The foxfire hits the hobgoblin.
The hobgoblin is moderately wounded.
The hobgoblin hits you but does no damage.
The iguana closely misses you.
The orc priest hits you but does no damage.
The hobgoblin barely misses you.
The orc priest invokes the aid of Beogh against you.
Beogh smites you!
* * * LOW HITPOINT WARNING * * *
The iguana bites you!
You die...

### ##.## . ##...#
.. ##..o.# ..
#...l@# #.
###...g.#
.###.#..[...##.###
.....)...†.......#
...#.........>...
#....#.......#
#.##.........# ...
........... #.#
............


You could see an iguana, an orc priest and a hobgoblin.

Vanquished Creatures
  A phantom (D:4)
  Natasha (thrice) (D:2)
  3 adders
  2 worms (D:3)
  A dart slug (D:1)
  An orc (D:3)
  5 ball pythons
  4 endoplasms
  9 giant cockroaches
  10 goblins
  7 hobgoblins
  5 kobolds
  2 quokkas (D:3)
  5 bats
  4 frilled lizards
  4 rats (D:1)
66 creatures vanquished.

Vanquished Creatures (collateral kills)
  A foxfire (D:3)
1 creature vanquished.

Vanquished Creatures (others)
  171 foxfires
171 creatures vanquished.

Grand Total: 238 creatures vanquished

Notes
Turn   | Place    | Note
-------+----------+-------------------------------------------
     0 | D:1      | JoshKwa the Draconian Fire Elementalist began the quest for
                  | the Orb.
     0 | D:1      | Reached XP level 1. HP: 14/14 MP: 3/3
    51 | D:1      | Found Fiptuq's Book Shoppe.
   123 | D:1      | Reached XP level 2. HP: 12/20 MP: 1/5
   865 | D:2      | Identified the ring "Ucykle" {Wiz Drain rCorr Dex+3}
   883 | D:2      | Reached XP level 3. HP: 25/27 MP: 3/6
   987 | D:2      | Learned a level 2 spell: Scorch
   996 | D:2      | Found a shimmering altar of Xom.
  1001 | D:2      | Reached skill level 1 in Fighting
  1041 | D:2      | Found a faded altar of an unknown god.
  1151 | D:2      | Noticed Natasha
  1165 | D:2      | Gained mutation: You are strong-willed. (Will+) [potion of
                  | mutation]
  1165 | D:2      | Gained mutation: Your muscles are strong. (Str +4, Int/Dex
                  | -1) [potion of mutation]
  1733 | D:2      | Reached XP level 4. HP: 35/35 MP: 5/7
  1756 | D:2      | Learned a level 3 spell: Volatile Blastmotes
  1941 | D:2      | Killed Natasha
  1953 | D:2      | Noticed Natasha
  1962 | D:2      | Killed Natasha
  1963 | D:2      | Reached skill level 1 in Staves
  2054 | D:2      | Noticed Natasha
  2061 | D:2      | Killed Natasha
  2062 | D:2      | Reached XP level 5. HP: 41/41 MP: 5/9
  2150 | D:3      | Found a stormy altar of Qazlal.
  2256 | D:3      | Found a large runed translucent door.
  2257 | D:3      | Found a large runed translucent door.
  2315 | D:3      | Found a snail-covered altar of Cheibriados.
  2334 | D:3      | Became a worshipper of Cheibriados the Contemplative
  2549 | D:3      | Found a white marble altar of Elyvilon.
  2760 | D:4      | Noticed a phantom
  2770 | D:4      | Killed a phantom
  2817 | D:4      | Noticed Edmund
  2854 | D:4      | Slain by an iguana

Illustrated notes

Levels and vault maps discovered:
D:1:      saegor_arrival_simple_e, layout_rooms, serial_forest,
          infiniplex_forest_clump_tiny, infiniplex_forest_clump_small,
          infiniplex_forest_clump_diagonal, infiniplex_forest_clump_diagonal,
          infiniplex_forest_corner_1, infiniplex_forest_end_3, serial_shops,
          shop_coins, minivault_24
D:2:      layout_loops_ring, shapermc_ecumenical_altar_acropolis, basic_altar,
          uniq_natasha
D:3:      layout_loops_corners, nicolae_overflow_crystal_walls,
          mainiacjoe_overflow_paths, mainiacjoe_overflow_alcove_4,
          jmf_multi_god_temple2, kennysheep_generic_room_10
D:4:      layout_cave_pools, minmay_temple_entry_tees, uniq_edmund

Skill      XL: |  1  2  3  4  5 |
---------------+----------------+-----
Dodging        | 2 |  2.6
Fighting       | 1 2 |  2.3
Stealth        | 2 |  2.1
Staves         | 1 |  1.5
Spellcasting   | 3 |  3.2
Conjurations   | 2 |  2.1
Short Blades   | |  0.2
Fire Magic     | |  3.8

Action                     |  1- 3 |  4- 6 || total
---------------------------+-------+-------++-------
  Melee: Short sword       |    50 |       ||    50
         Unarmed           |     3 |       ||     3
         Staff             |   111 |    19 ||   130
         Tailslap          |    31 |     3 ||    34
         Punch             |     2 |       ||     2
   Cast: Foxfire           |    49 |    64 ||   113
    Use: Potion            |     3 |     1 ||     4
         Scroll            |     2 |     1 ||     3
   Stab: Sleeping          |       |     1 ||     1
 Armour: Skin              |    77 |    27 ||   104
  Dodge: Dodged            |   120 |    34 ||   154
